 Dungeon Crawl Stone Soup version 0.24.0-37-gcf1ca852f1 (webtiles) character file.

Game seed: 13441819571438574398, levelgen mode: deterministic

51 PentaManta the Slasher (level 3, 0/26 HPs)
             Began as an Octopode Fighter on Dec 5, 2019.
             Succumbed to an adder's poison
             ... on level 1 of the Dungeon.
             The game lasted 00:02:28 (1284 turns).

PentaManta the Slasher (Octopode Fighter)           Turns: 1284, Time: 00:02:28

Health: 0/26       AC:  1    Str: 12 (15) XL:     3   Next: 83%
Magic:  3/3        EV: 17    Int: 14 (15) God:
Gold:   67         SH:  8    Dex: 16 (17) Spells: 2/2 levels left

rFire    . . .     SeeInvis .   a - +0 long sword
rCold    . . .     Gourm    .   b - +0 shield
rNeg     . . .     Faith    .   (helmet restricted)
rPois    .         Spirit   .   (no amulet)
rElec    .         Reflect  .   (no ring)
rCorr    .         Harm     .   (no ring)
MR       .....                  (no ring)
Stlth    +++.......             (no ring)
HPRegen  0.08/turn              (no ring)
MPRegen  0.08/turn              (no ring)
                                (no ring)
                                (no ring)

@: brilliant, agile, lethally poisoned (0 -> -7)
A: almost no armour, stealthy swim, amphibious, 8 rings, constrict 8, camouflage
1, gelatinous body 1
a: no special abilities


You were on level 1 of the Dungeon.
You were very hungry.

You visited 1 branch of the dungeon, and saw 2 of its levels.

You collected 67 gold pieces.

Inventory:

Hand Weapons
 a - a +0 long sword (weapon)
Armour
 b - a +0 shield (worn)
 e - a +0 buckler
Jewellery
 n - an uncursed ring of positive energy {unknown}
Scrolls
 i - a scroll of remove curse {unknown}
 j - a scroll of amnesia {unknown}
 k - a scroll of random uselessness {unknown}
 l - a scroll of identify {unknown}
Potions
 c - 2 potions of might
 m - 3 potions of curing {unknown}
Comestibles
 d - 3 rations


   Skills:
 - Level 3.0 Fighting
 + Level 4.0 Long Blades
 - Level 3.0 Dodging
 - Level 3.0 Shields


You had 2 spell levels left.
You didn't know any spells.
Your spell library was empty.

Dungeon Overview and Level Annotations

Branches:
Dungeon (2/15)

Altars:
Makhleb


Innate Abilities, Weirdness & Mutations

You cannot wear most types of armour.
You are very stealthy in the water. (Stealth+)
You are amphibious.
You can wear up to eight rings at the same time.
You can use your tentacles to constrict eight enemies at once.
Your skin changes colour to match your surroundings (Stealth+).
Your rubbery body absorbs attacks. (AC +1, EV +1)


Message History

You kill the rat!
* * * LOW HITPOINT WARNING * * *
You feel sick. The jackal bites you.
* * * LOW HITPOINT WARNING * * *
* * * LOW HITPOINT WARNING * * *
You feel sick.
* * * LOW HITPOINT WARNING * * *
You feel sick. The jackal misses you.
It was a potion of agility.
You feel agile all of a sudden. You block the jackal's attack.
It was a potion of degeneration.
There was something very wrong with that liquid.
You feel weakened.
You feel dopey.
You feel clumsy. The jackal misses you.
You riposte.
You hit the jackal.
You kill the jackal!
It was a potion of brilliance.
You feel clever all of a sudden.
You die...

...###.###.###.........####...#.#
........#....+.........'........#
######......##...>.....###......#
...# #...##.###.).....## #.#.####
##.###.#.##.# ##.....### #.###
#.##.###รท#.# ##.r....###.#
#.###.#.##.# ##..###.##.# ##.#
#..###.######r#####.#.# ...#
#......##..@Sr..[##.#.# ####
##.######.###(##.##.#.#
#####.##..........#.#.##.#
#.........##.#...........#
#.###.##..##.##...######## #.#
#.##..##.##..## #.#
#........##..# #.# ####..#####..#
#.######..# #..#


You could see an adder and 2 rats.

Vanquished Creatures
  An adder (D:2)
  A worm (D:2)
  A dart slug (D:1)
  A leopard gecko (D:1)
  A ball python (D:1)
  3 giant cockroaches (D:1)
  5 hobgoblins (D:1)
  4 jackals (D:1)
  5 kobolds (D:1)
  3 bats (D:1)
  4 frilled lizards
  10 rats
39 creatures vanquished.

Notes
Turn   | Place    | Note
-------+----------+-------------------------------------------
     0 | D:1      | PentaManta the Octopode Fighter began the quest for the
                  | Orb.
     0 | D:1      | Reached XP level 1. HP: 16/16 MP: 1/1
   281 | D:1      | Reached XP level 2. HP: 21/21 MP: 2/2
   410 | D:1      | Reached skill level 3 in Long Blades
   687 | D:1      | Reached XP level 3. HP: 22/26 MP: 3/3
  1152 | D:2      | Found a burning altar of Makhleb.
  1174 | D:1      | Reached skill level 4 in Long Blades
  1280 | D:1      | HP: 1/26 [poisoned by an adder]
  1284 | D:1      | Succumbed to an adder's poison

Levels and vault maps discovered:
D:1:      eino_arrival_cavern_a, layout_loops_corners, minmay_misc_feat_square
D:2:      layout_basic, bloody_makhleb, gammafunk_temple_overflow_wave,
          minmay_guardbox

Skill      XL: |  1  2  3 |
---------------+----------+-----
Long Blades    | 3 4 |  4.0
Fighting       | |  3.0
Dodging        | |  3.0
Shields        | |  3.0

Action                   || total
-------------------------++-------
Melee: Long sword        ||    58
       Constrict         ||    19
       Tentacles         ||     7
  Use: Potion            ||     3
 Stab: Sleeping          ||     8
       Distracted        ||     1
Armor: Skin              ||     8
Dodge: Dodged            ||    51
Block: Shield            ||    27
       Rpst.: Long sword ||    20
